 Dungeon Crawl Stone Soup version 0.28-b1-25-g9875b3fc8c (webtiles) character file.

Game seed: 16288509846892013811

56 sanka the Magician (level 3, 20/20 HPs)
             Began as a Deep Elf Transmuter on Feb 8, 2022.
             Was a Follower of Kikubaaqudgha.
             Quit the game on level 2 of the Dungeon.
             The game lasted 00:03:43 (3983 turns).

sanka the Magician (Deep Elf Transmuter)            Turns: 3983, Time: 00:03:44

Health: 20/20      AC:  2    Str:  7    XL:     3   Next: 69%
Magic:  12/12      EV: 12    Int: 19    God:    Kikubaaqudgha [*.....]
Gold:   56         SH:  0    Dex: 15    Spells: 12/13 levels left

rFire   . . .      SeeInvis .     - Unarmed
rCold   . . .      Faith    .   (no shield)
rNeg    . . .      Spirit   .   a - +0 robe
rPois   .          Reflect  .   (no helmet)
rElec   .          Harm     .   (no cloak)
rCorr   .          Rampage  .   (no gloves)
Will    .....                   (no boots)
Stlth   +.........              (no amulet)
HPRegen 0.06/turn               (no ring)
MPRegen 0.13/turn               (no ring)

@: no status effects
A: no striking features
a: Renounce Religion, Receive Corpses


You were on level 2 of the Dungeon.
You worshipped Kikubaaqudgha.
Kikubaaqudgha was aware of your devotion.
You visited 1 branch of the dungeon, and saw 2 of its levels.

You collected 56 gold pieces.

Inventory:

Armour
 a - a +0 robe (worn)
Scrolls
 c - a scroll of identify {unknown}
 g - a scroll of brand weapon {unknown}
 j - a scroll of fog {unknown}
Potions
 b - a potion of might {unknown}
 d - a potion of heal wounds {unknown}
 e - a potion of brilliance {unknown}
 f - a potion of attraction {unknown}
 h - a potion of resistance {unknown}
 i - a potion of curing {unknown}


   Skills:
 - Level 0.7 Fighting
 - Level 2.4 Dodging
 - Level 2.4 Unarmed Combat
 + Level 5.6 Spellcasting
 - Level 2.1 Transmutations


You had 12 spell levels left.
You knew the following spells:

 Your Spells              Type           Power      Damage    Failure   Level
a - Beastly Appendage     Tmut           26%        N/A       4%          1

Your spell library contained the following spells:

 Spells                   Type           Power      Damage    Failure   Level
 Wereblood                Tmut           13%        N/A       7%          2
 Animate Skeleton         Necr           10%        N/A       12%         1
 Pain                     Necr           20%        1d5       12%         1
 Spider Form              Tmut/Pois      9%         N/A       22%         3
 Vampiric Draining        Necr           5%         2d6       34%         3
 Ice Form                 Ice/Tmut       9%         N/A       58%         4
 Agony                    Necr           5%         N/A       97%         5


Dungeon Overview and Level Annotations

Branches:
Dungeon (2/15)

Altars:
Kikubaaqudgha

Shops:
D:1 =


Message History

Magic restored.
Your magical contamination has completely faded away.
You start waiting.
A dart slug is nearby!
The dart slug bites you.
You grow a pair of large bovine horns.
Your feet morph into talons.
You hit the dart slug. You punch the dart slug.
The dart slug is severely wounded.
The dart slug launches a dart at you. The slug dart misses you.
You hit the dart slug but do no damage. You punch the dart slug.
The dart slug is almost dead.
The dart slug barely misses you.
You hit the dart slug but do no damage. You claw the dart slug.
You kill the dart slug!
You start resting.
Your transformation is almost over.
You start resting.
Magic restored.
You start resting.
Your horns disappear.
Your talons disappear.
You start resting.
HP restored.
You see here a dart slug corpse.
You open the door.
Found a scroll labelled LAEGHOTEAC.
There is an open door here.
j - a scroll labelled LAEGHOTEAC You open the door.
Found a faded altar of an unknown god.
There is an open door here.
There is a faded altar of an unknown god here.
You cannot tell which god this altar belongs to.
Convert to them anyway?
Kikubaaqudgha accepts your prayer! Kikubaaqudgha welcomes you!
You can now receive cadavers from Kikubaaqudgha.
Kikubaaqudgha grants you a gift!
You add the spells Animate Skeleton, Pain, Vampiric Draining and Agony to your library.
Are you sure you want to abandon this character and quit the game? (Confirm with "yes".)
Okay, then.
Are you sure you want to abandon this character and quit the game? (Confirm with "yes".)

###############
#.............#
#.........)..)#
#.†#########..#
#..#.......#..#
#..#.......#..#
##.#..♣♣♣..#..#
#.'..♣@♣..#..##########
#.#..♣'♣..#............
#.#.......#.####.......
#.#.......#.## #.......
#.#########..# #.......
.............###.......
...
######.................
#.. ###########.......
##.. #.......


There were no monsters in sight!

Vanquished Creatures
  A dart slug (D:2)
  An orc (D:2)
  4 ball pythons (D:1)
  4 bats (D:1)
  5 endoplasms
  A giant cockroach (D:1)
  5 goblins
  7 hobgoblins
  3 jackals
  2 quokkas (D:1)
  4 frilled lizards
  4 kobolds
  6 rats (D:1)
47 creatures vanquished.

Notes
Turn   | Place    | Note
-------+----------+-------------------------------------------
     0 | D:1      | sanka the Deep Elf Transmuter began the quest for the Orb.
     0 | D:1      | Reached XP level 1. HP: 11/11 MP: 6/6
   288 | D:1      | Reached skill level 4 in Spellcasting
   288 | D:1      | Reached XP level 2. HP: 9/16 MP: 7/9
   959 | D:1      | Found Caygud's Jewellery Shop.
  1878 | D:1      | Reached XP level 3. HP: 20/20 MP: 9/11
  1934 | D:1      | Reached skill level 5 in Spellcasting
  3979 | D:2      | Found a faded altar of an unknown god.
  3982 | D:2      | Prayed at the altar of an unknown god.
  3982 | D:2      | Became a worshipper of Kikubaaqudgha
  3982 | D:2      | Reached * piety under Kikubaaqudgha
  3982 | D:2      | Received a gift from Kikubaaqudgha
  3983 | D:2      | Quit the game

Illustrated notes

Levels and vault maps discovered:
D:1:      saegor_arrival_simple_b, layout_loops_cross, serial_shops, shop
D:2:      layout_rooms, hellmonk_ecumenical_altar_inner_sanctum, minmay_vboxes

Skill      XL: |  1  2  3 |
---------------+----------+-----
Spellcasting   | 4 5 |  5.6
Fighting       | |  0.7
Dodging        | |  2.4
Unarmed Combat | |  2.4
Transmutations | |  2.1

Action                   || total
-------------------------++-------
Melee: Unarmed           ||   151
       Headbutt          ||    10
       Kick              ||    38
       Punch             ||     4
 Cast: Beastly Appendage ||    38
 Stab: Sleeping          ||     2
Armor: Robe              ||    19
Dodge: Dodged            ||   102
